 Dungeon Crawl Stone Soup version 0.16.1-30-g34a7ffa (webtiles) character file.

208 theElss the Magician (level 5, -5/28 HPs)
             Began as a Deep Elf Conjurer on June 26, 2015.
             Slain by Scuka's ghost (10 damage)
             ... on level 4 of the Dungeon.
             The game lasted 00:15:58 (3894 turns).

theElss the Magician (Deep Elf Conjurer)            Turns: 3894, Time: 00:15:58

Health: -5/28      AC:  5    Str:  5    XL:     5   Next: 55%
Magic:  22/22      EV: 13    Int: 21    God:
Gold:   190        SH:  0    Dex: 15    Spells: 3 memorised, 11 levels left

rFire  . . .     SeeInvis .     (no weapon)
rCold  + . .     Clarity  .     a - +0 robe
rNeg   . . .     SustAb   .     (no shield)
rPois  .         Gourm    .     (no helmet)
rElec  .         Spirit   .     (no cloak)
rCorr  .         Warding  .     o - +2 pair of gloves
rMut   .         Stasis   .     (no boots)
MR     .....                    (no amulet)
Stlth  ++........               (no ring)
                                i - ring of protection from cold

@: not resistant to hostile enchantments, unstealthy
A: no striking features
a: no special abilities


You were on level 4 of the Dungeon.
You were not hungry.

You visited 1 branch of the dungeon, and saw 5 of its levels.

You collected 190 gold pieces.

Inventory:

Armour
 a - a +0 robe (worn)
 o - a +2 pair of gloves (worn)
 u - a +0 buckler
Jewellery
 i - a ring of protection from cold (left hand)
 q - an uncursed amulet of rage
 w - an uncursed amulet of guardian spirit {unknown}
Scrolls
 f - 2 scrolls of identify
 h - a scroll of blinking {unknown}
 k - a scroll of teleportation {unknown}
 l - 5 scrolls of remove curse
 m - a scroll of noise {unknown}
 n - 3 scrolls of enchant armour
 s - a scroll of immolation {unknown}
 x - a scroll of enchant weapon {unknown}
Potions
 d - 2 potions of resistance {unknown}
 e - a potion of haste {unknown}
 j - a potion of curing {unknown}
 p - 2 potions of restore abilities {unknown}
 r - a potion of agility {unknown}
 t - a potion of heal wounds {unknown}
Books
 c - a book of Conjurations

   Spells                             Type                      Level
   a - Magic Dart                     Conjuration                  1
   b - Searing Ray                    Conjuration                  2
   c - Dazzling Spray                 Conjuration/Hexes            3
   d - Fulminant Prism                Conjuration/Hexes            4
   e - Iskenderun's Mystic Blast      Conjuration                  4
   f - Iskenderun's Battlesphere      Conjuration/Charms           5
Comestibles
 b - 5 bread rations
 g - a meat ration
 v - 2 chunks of flesh


   Skills:
 - Level 2.4 Dodging
 - Level 2.4 Stealth
 * Level 1.0 Shields
 + Level 7.6 Spellcasting
 - Level 4.3 Conjurations


You had 11 spell levels left.
You knew the following spells:

 Your Spells              Type           Power        Failure   Level  Hunger
a - Magic Dart            Conj           ####         1%          1    None
b - Iskenderun's Battles  Conj/Chrm      ###.....     87%         5    #####..
c - Searing Ray           Conj           ####..       1%          2    None


Dungeon Overview and Level Annotations

Branches:
Dungeon (5/15)
 Temple: D:4-7

Altars:
Ashenzari
Fedhas
Gozag
Kikubaaqudgha
Qazlal

Shops:
D:4 }

Annotations:
D:4 Scuka's ghost, average GrFi
D:5 Sigmund


Message History

You climb upwards.
Level annotation: Scuka's ghost, average GrFi Scuka's ghost hits you.
There is a stone staircase leading down here.
Scuka's ghost hits you!
Ouch! That really hurt!
* * * LOW HITPOINT WARNING * * *
Scuka's ghost wails.
Read which item? (? for menu, Esc to quit)
As you read the scroll labeled FIAR ELABLINUCW, it crumbles to dust.
You feel blessed for a moment.
It was a scroll of remove curse.
Scuka's ghost closely misses you.
You aren't carrying any items that can be evoked.
Read which item? (? for menu, Esc to quit)
As you read the scroll labeled SMUJEY BRIPP, it crumbles to dust.
It is a scroll of identify.
Identify which item? (\ to view known items) (? for menu, Esc to quit)
n - 3 scrolls of enchant armour Scuka's ghost hits you!
You die...

. #.# #.# #.# ### #.# ...
..# #.# # ##.#####.###.###
#. ... .........# #.. #.#
##.#.....#
#...########.####........#
#........@W....##..#.....#
##..##.###....)...........
#..##.###..∩..##..>#.####
#.....o.#.[...##.#.#..###
#...###.#)#.............<
#.#.. #...######.....#.##
#. ##.###.### ###.##<##
#....# #.##.#
##..######### #.##.#


You could see Scuka's ghost.

Vanquished Creatures
  An orc wizard (D:4)
  A gnoll (D:2)
  5 adders
  3 worms (D:2)
  4 giant geckos
  13 orcs
  6 bats
  6 giant cockroaches
  16 hobgoblins
  6 jackals
  2 quokkas
  A giant newt (D:1)
  A giant spore (D:3)
  5 goblins
  9 kobolds
  6 rats
  5 ballistomycetes (D:3)
90 creatures vanquished.

Notes
Turn   | Place    | Note
--------------------------------------------------------------
     0 | D:1      | theElss, the Deep Elf Conjurer, began the quest for the Orb.
     0 | D:1      | Reached XP level 1. HP: 10/10 MP: 5/5
   242 | D:1      | Reached XP level 2. HP: 15/15 MP: 3/9
   293 | D:1      | Learned a level 2 spell: Searing Ray
   985 | D:2      | Found a shattered altar of Ashenzari.
  1040 | D:2      | Reached XP level 3. HP: 19/19 MP: 1/13
  1184 | D:2      | Reached skill level 5 in Spellcasting
  1644 | D:2      | Found an ancient bone altar of Kikubaaqudgha.
  1677 | D:2      | Reached skill level 6 in Spellcasting
  1677 | D:2      | Reached XP level 4. HP: 24/24 MP: 14/18
  2272 | D:3      | Found a blossoming altar of Fedhas.
  2276 | D:3      | Found a stormy altar of Qazlal.
  2677 | D:3      | Found an opulent altar of Gozag.
  2953 | D:3      | Reached skill level 7 in Spellcasting
  3029 | D:3      | Reached XP level 5. HP: 28/28 MP: 17/21
  3057 | D:3      | Learned a level 5 spell: Iskenderun's Battlesphere
  3562 | D:4      | Found Neqil's Gadget Boutique.
  3698 | D:4      | Noticed Scuka's ghost (average GrFi)
  3737 | D:5      | Entered Level 5 of the Dungeon
  3769 | D:5      | Reached skill level 1 in Shields
  3852 | D:5      | Noticed Sigmund
  3894 | D:4      | Slain by Scuka's ghost

Action                   |  1- 3 |  4- 6 || total
-------------------------+-------+-------++-------
 Cast: Magic Dart        |    67 |    92 ||   159
       Searing Ray       |     3 |    16 ||    19
  Use: Scroll            |       |     2 ||     2
  Eat: Chunk             |     2 |     7 ||     9
